TOP OF THE 1ST |
University of California Golden Bears batting - Pitching for University of Illinois Fighting Illini : RHP Victor Altagracia
|
Pitching: RHP Victor Altagracia
|
|
Batting: RHB Mike Trueblood
|
0-0: Swinging Strike 0-1: Foul Ball, location: 2F 0-2: Ball 1-2: Strikes out swinging
|
Batting: LHB Carlos Gaona
|
0-0: Foul Ball, location: 2F 0-1: Called Strike 0-2: Ground out U3 (Groundball, 3S, EV 84.4 MPH)
|
Batting: RHB Nate Mahon
|
0-0: Ball 1-0: Ground out 5-3 (Groundball, 56, EV 93.1 MPH)
|
Top of the 1st over - 0 runs, 0 hits, 0 errors, 0 left on base; University of California 0 - University of Illinois 0 |
BOTTOM OF THE 1ST |
University of Illinois Fighting Illini batting - Pitching for University of California Golden Bears : RHP Phil McLaughlin
|
Pitching: RHP Phil McLaughlin
|
|
Batting: RHB Qian Tai
|
0-0: Ball 1-0: Called Strike 1-1: Ground out 3-1 (Groundball, 34, EV 103.1 MPH)
|
Batting: SHB Josh Thomson
|
0-0: Ball 1-0: Ground out 5-3 (Groundball, 56S, EV 67.5 MPH)
|
Batting: SHB Dan Strickland
|
0-0: Called Strike 0-1: Ball 1-1: Foul Ball, location: 2F 1-2: Strikes out swinging
|
Bottom of the 1st over - 0 runs, 0 hits, 0 errors, 0 left on base; University of California 0 - University of Illinois 0 |
TOP OF THE 2ND |
University of California Golden Bears batting - Pitching for University of Illinois Fighting Illini : RHP Victor Altagracia
|
Batting: RHB Steve Kirby
|
0-0: Foul Ball, location: 2F 0-1: Ball 1-1: Ball 2-1: Foul Ball, location: 2F 2-2: Foul Ball, location: 2F 2-2: Ball 3-2: Foul Ball, location: 2F 3-2: Base on Balls
|
Batting: RHB Ivan Rivera
|
0-0: Called Strike 0-1: Called Strike 0-2: Strikes out looking
|
Batting: SHB Nick Jansen
|
0-0: Ball 1-0: Called Strike 1-1: Grounds into double play, 4-6-3 (Groundball, 4M, EV 100.6 MPH)
|
Top of the 2nd over - 0 runs, 0 hits, 0 errors, 0 left on base; University of California 0 - University of Illinois 0 |
BOTTOM OF THE 2ND |
University of Illinois Fighting Illini batting - Pitching for University of California Golden Bears : RHP Phil McLaughlin
|
Batting: LHB Alex Rivera
|
0-0: Ball 1-0: Called Strike 1-1: Fly out, F1 (Line Drive, P, EV 68.8 MPH)
|
Batting: RHB Edwardo Tanchez
|
0-0: Called Strike 0-1: Ball 1-1: Called Strike 1-2: Strikes out swinging
|
Batting: LHB Antonio Sandoval
|
0-0: Foul Ball, location: 2F 0-1: Ball 1-1: Ball 2-1: Foul Ball, location: 2F 2-2: Ball 3-2: Foul Ball, location: 2F 3-2: Foul Ball, location: 2F 3-2: Reached on error, E4 (Groundball, 34D, EV 103.8 MPH)
|
Batting: RHB Arnold Schuler
|
0-0: Ball 1-0: Foul Ball, location: 2F 1-1: Foul Ball, location: 2F 1-2: Strikes out swinging, 2-3 out at first.
|
Bottom of the 2nd over - 0 runs, 0 hits, 1 error, 1 left on base; University of California 0 - University of Illinois 0 |
TOP OF THE 3RD |
University of California Golden Bears batting - Pitching for University of Illinois Fighting Illini : RHP Victor Altagracia
|
Batting: RHB Shawn Jansen
|
0-0: Fly out, F8 (Flyball, 8RS, EV 83.8 MPH)
|
Batting: LHB Pavla Markianov
|
0-0: Ball 1-0: Swinging Strike 1-1: Ball 2-1: Foul Ball, location: 2F 2-2: Ground out 4-3 (Groundball, 4, EV 102.5 MPH)
|
Batting: RHB Juan Debayle
|
0-0: Swinging Strike 0-1: Ball 1-1: Called Strike 1-2: Foul Ball, location: 2F 1-2: SOLO HOME RUN (Flyball, 9LD, EV 90.6 MPH), Distance : 353 ft
|
Batting: RHB Mike Trueblood
|
0-0: Ball 1-0: Ball 2-0: Foul Ball, location: 2F 2-1: Swinging Strike 2-2: Ground out U3 (Groundball, 3, EV 85.6 MPH)
|
Top of the 3rd over - 1 run, 1 hit, 0 errors, 0 left on base; University of California 1 - University of Illinois 0 |
BOTTOM OF THE 3RD |
University of Illinois Fighting Illini batting - Pitching for University of California Golden Bears : RHP Phil McLaughlin
|
Batting: LHB Alex Ramos
|
0-0: Called Strike 0-1: SINGLE (Groundball, 34S, EV 62.5 MPH) (infield hit)
|
Batting: RHB Kyle Verkamp
|
0-0: SINGLE (Groundball, 4MD, EV 97.5 MPH) Alex Ramos to second
|
Batting: RHB Qian Tai
|
0-0: Ball Alex Ramos steals 3rd base 1-0: Called Strike 1-1: Ball 2-1: Foul Ball, location: 2F 2-2: Fly out, F4 (Popup, 23, EV 90.6 MPH)
|
Batting: SHB Josh Thomson
|
0-0: Ball 1-0: Ball 2-0: Called Strike 2-1: Called Strike 2-2: Foul Ball, location: 2F 2-2: Ball 3-2: Strikes out looking
|
Batting: SHB Dan Strickland
|
0-0: Ball 1-0: SINGLE (Popup, 6D, EV 56.9 MPH) Alex Ramos scores Kyle Verkamp to second
|
Batting: LHB Alex Rivera
|
0-0: Called Strike 0-1: Ball 1-1: Ball 2-1: SINGLE (Line Drive, 9S, EV 96.2 MPH) Kyle Verkamp to third Dan Strickland to second Runner from 3rd tries for Home, SAFE, throw by RF to home
|
Batting: RHB Edwardo Tanchez
|
0-0: Foul Ball, location: 2F 0-1: Ball 1-1: Ball 2-1: Ball 3-1: SINGLE (Groundball, 34D, EV 106.2 MPH) Dan Strickland to third Alex Rivera to second Runner from 3rd tries for Home, SAFE, throw by RF to home
|
Batting: LHB Antonio Sandoval
|
0-0: Called Strike 0-1: Ground out 4-3 (Groundball, 4, EV 85.6 MPH)
|
Bottom of the 3rd over - 3 runs, 5 hits, 0 errors, 2 left on base; University of California 1 - University of Illinois 3 |
TOP OF THE 4TH |
University of California Golden Bears batting - Pitching for University of Illinois Fighting Illini : RHP Victor Altagracia
|
Batting: LHB Carlos Gaona
|
0-0: Foul Ball, location: 2F 0-1: Foul Ball, location: 2F 0-2: Ball 1-2: SOLO HOME RUN (Flyball, 89XD, EV 113.8 MPH), Distance : 460 ft
|
Batting: RHB Nate Mahon
|
0-0: Ball 1-0: Ball 2-0: Called Strike 2-1: Ball 3-1: Called Strike 3-2: Strikes out looking
|
Batting: RHB Steve Kirby
|
0-0: Foul Ball, location: 2F 0-1: Fly out, F9 (Flyball, 89M, EV 87.5 MPH)
|
Batting: RHB Ivan Rivera
|
0-0: Ball 1-0: Foul Ball, location: 2F 1-1: Foul Ball, location: 2F 1-2: Strikes out swinging
|
Top of the 4th over - 1 run, 1 hit, 0 errors, 0 left on base; University of California 2 - University of Illinois 3 |
BOTTOM OF THE 4TH |
University of Illinois Fighting Illini batting - Pitching for University of California Golden Bears : RHP Phil McLaughlin
|
Batting: RHB Arnold Schuler
|
0-0: Ground out 6-3 (Groundball, 6, EV 82.5 MPH)
|
Batting: LHB Alex Ramos
|
0-0: Fly out, F7 (Flyball, 7, EV 93.1 MPH)
|
Batting: RHB Kyle Verkamp
|
0-0: Called Strike 0-1: Ball 1-1: SINGLE (Groundball, 4MD, EV 94.4 MPH)
|
Batting: RHB Qian Tai
|
0-0: Called Strike 0-1: Fly out, F8 (Line Drive, 8RD, EV 85.6 MPH)
|
Bottom of the 4th over - 0 runs, 1 hit, 0 errors, 1 left on base; University of California 2 - University of Illinois 3 |
TOP OF THE 5TH |
University of California Golden Bears batting - Pitching for University of Illinois Fighting Illini : RHP Victor Altagracia
|
Pitching: RHP Charles Picard
|
|
Now at 3B: Bobby Raya
|
|
Now in LF: Salvador Ramos
|
|
Batting: SHB Nick Jansen
|
0-0: Ball 1-0: Ball 2-0: SINGLE (Flyball, 7LS, EV 89.4 MPH)
|
Batting: RHB Shawn Jansen
|
0-0: Foul Ball, location: 2F 0-1: Ball 1-1: Foul Ball, location: 2F 1-2: Ball 2-2: Ball 3-2: Ground out 4-3 (Groundball, 34, EV 80.6 MPH) Nick Jansen to second
|
Batting: LHB Pavla Markianov
|
0-0: Swinging Strike 0-1: Ball 1-1: Foul Ball, location: 2F 1-2: Foul Ball, location: 2F 1-2: Ball 2-2: Strikes out swinging
|
Batting: RHB Juan Debayle
|
0-0: Ball 1-0: Foul Ball, location: 2F 1-1: Ball 2-1: Foul Ball, location: 2F 2-2: Strikes out looking
|
Top of the 5th over - 0 runs, 1 hit, 0 errors, 1 left on base; University of California 2 - University of Illinois 3 |
BOTTOM OF THE 5TH |
University of Illinois Fighting Illini batting - Pitching for University of California Golden Bears : RHP Phil McLaughlin
|
Batting: SHB Josh Thomson
|
0-0: Ball 1-0: Foul Ball, location: 2F 1-1: Ball 2-1: Foul Ball, location: 2F 2-2: Ball 3-2: Base on Balls
|
Batting: RHB Bobby Raya
|
0-0: Called Strike 0-1: Swinging Strike 0-2: Ball 1-2: Ball 2-2: Ball 3-2: Fly out, F7 (Line Drive, 78D, EV 93.1 MPH)
|
Pitching: LHP John van Asten
|
|
Batting: LHB Alex Rivera
|
0-0: Called Strike 0-1: Ball 1-1: Ball 2-1: Called Strike 2-2: Strikes out swinging
|
Batting: RHB Edwardo Tanchez
|
0-0: Foul Ball, location: 2F 0-1: Foul Ball, location: 2F 0-2: Ball 1-2: Strikes out swinging
|
Bottom of the 5th over - 0 runs, 0 hits, 0 errors, 1 left on base; University of California 2 - University of Illinois 3 |
TOP OF THE 6TH |
University of California Golden Bears batting - Pitching for University of Illinois Fighting Illini : RHP Charles Picard
|
Batting: RHB Mike Trueblood
|
0-0: Ball 1-0: Called Strike 1-1: Ball 2-1: Swinging Strike 2-2: Strikes out swinging
|
Batting: LHB Carlos Gaona
|
0-0: Ball 1-0: Ball 2-0: Ball 3-0: Foul Ball, location: 2F 3-1: Foul Ball, location: 2F 3-2: Ground out 6-3 (Groundball, 6, EV 97.5 MPH)
|
Batting: RHB Nate Mahon
|
0-0: Swinging Strike 0-1: Ball 1-1: Ball 2-1: Ball 3-1: Foul Ball, location: 2F 3-2: Foul Ball, location: 2F 3-2: SINGLE (Flyball, 56D, EV 96.2 MPH)
|
Pitching: RHP Steve Powell
|
|
Batting: RHB Steve Kirby
|
0-0: Foul Ball, location: 2F 0-1: Called Strike Nate Mahon steals 2nd base 0-2: Foul Ball, location: 2F 0-2: Ground out 6-3 (Groundball, 6M, EV 99.4 MPH)
|
Top of the 6th over - 0 runs, 1 hit, 0 errors, 1 left on base; University of California 2 - University of Illinois 3 |
BOTTOM OF THE 6TH |
University of Illinois Fighting Illini batting - Pitching for University of California Golden Bears : LHP John van Asten
|
Batting: LHB Jessie Stewart
|
0-0: Called Strike 0-1: Ball 1-1: Ball 2-1: Ball 3-1: Fly out, F8 (Line Drive, 8RM, EV 110.6 MPH)
|
Batting: RHB Arnold Schuler
|
0-0: Called Strike 0-1: Ball 1-1: Foul Ball, location: 2F 1-2: Foul Ball, location: 2F 1-2: Fly out, F7 (Flyball, 7, EV 86.9 MPH)
|
Batting: LHB Salvador Ramos
|
0-0: Reached on error, E6 (Groundball, 6, EV 81.2 MPH)
|
Batting: RHB Kyle Verkamp
|
0-0: Called Strike 0-1: Fly out, F7 (Flyball, 78D, EV 79.4 MPH)
|
Bottom of the 6th over - 0 runs, 0 hits, 1 error, 1 left on base; University of California 2 - University of Illinois 3 |
TOP OF THE 7TH |
University of California Golden Bears batting - Pitching for University of Illinois Fighting Illini : RHP Steve Powell
|
Batting: RHB Ivan Rivera
|
0-0: Swinging Strike 0-1: Foul Ball, location: 2F 0-2: Strikes out swinging
|
Batting: SHB Nick Jansen
|
0-0: Ball 1-0: Fly out, F9 (Flyball, 9, EV 82.5 MPH)
|
Batting: RHB Shawn Jansen
|
0-0: Ball 1-0: SINGLE (Line Drive, 7S, EV 92.5 MPH)
|
Batting: LHB Pavla Markianov
|
0-0: Called Strike 0-1: Swinging Strike 0-2: Strikes out swinging
|
Top of the 7th over - 0 runs, 1 hit, 0 errors, 1 left on base; University of California 2 - University of Illinois 3 |
BOTTOM OF THE 7TH |
University of Illinois Fighting Illini batting - Pitching for University of California Golden Bears : LHP John van Asten
|
Pitching: RHP Luis Lopez
|
|
Batting: RHB Qian Tai
|
0-0: Called Strike 0-1: Ground out 6-3 (Groundball, 6, EV 87.5 MPH)
|
Batting: SHB Josh Thomson
|
0-0: Ball 1-0: Fly out, F7 (Flyball, 7LMF, EV 93.8 MPH)
|
Batting: RHB Bobby Raya
|
0-0: SINGLE (Groundball, 56, EV 101.9 MPH)
|
Batting: LHB Alex Rivera
|
0-0: Ball 1-0: Foul Ball, location: 2F 1-1: Ball 2-1: Ground out U3 (Groundball, 3, EV 83.1 MPH)
|
Bottom of the 7th over - 0 runs, 1 hit, 0 errors, 1 left on base; University of California 2 - University of Illinois 3 |
TOP OF THE 8TH |
University of California Golden Bears batting - Pitching for University of Illinois Fighting Illini : RHP Steve Powell
|
Batting: RHB Juan Debayle
|
0-0: Ball 1-0: Called Strike 1-1: Swinging Strike 1-2: Ball 2-2: Foul Ball, location: 2F 2-2: Foul Ball, location: 2F 2-2: Ball 3-2: Strikes out swinging
|
Batting: RHB Mike Trueblood
|
0-0: Called Strike 0-1: Swinging Strike 0-2: Strikes out looking
|
Pitching: RHP Nick Rutscher
|
|
Batting: LHB Carlos Gaona
|
0-0: Called Strike 0-1: Foul Ball, location: 2F 0-2: Ball 1-2: Ball 2-2: Fly out, F6 (Popup, 6D, EV 68.1 MPH)
|
Top of the 8th over - 0 runs, 0 hits, 0 errors, 0 left on base; University of California 2 - University of Illinois 3 |
BOTTOM OF THE 8TH |
University of Illinois Fighting Illini batting - Pitching for University of California Golden Bears : RHP Luis Lopez
|
Pitching: RHP Howie Abrams
|
|
Batting: RHB Edwardo Tanchez
|
0-0: Ball 1-0: Ball 2-0: Called Strike 2-1: Ball 3-1: Swinging Strike 3-2: Base on Balls
|
Batting: LHB Jessie Stewart
|
0-0: Ball 1-0: Called Strike 1-1: Foul Ball, location: 2F 1-2: Strikes out swinging
|
Batting: RHB Arnold Schuler
|
0-0: Ball 1-0: DOUBLE (Line Drive, 5D, EV 95.6 MPH) Edwardo Tanchez to third
|
Batting: LHB Salvador Ramos
|
0-0: Swinging Strike 0-1: Swinging Strike 0-2: Strikes out swinging
|
Pitching: LHP Chad Torres
|
|
Batting: RHB Kyle Verkamp
|
0-0: Ball 1-0: Foul Ball, location: 2F 1-1: Ball 2-1: SINGLE (Groundball, 6M, EV 95.0 MPH) Edwardo Tanchez scores Arnold Schuler to third
|
Batting: RHB Qian Tai
|
0-0: Swinging Strike 0-1: Foul Ball, location: 2F 0-2: Strikes out swinging
|
Bottom of the 8th over - 1 run, 2 hits, 0 errors, 2 left on base; University of California 2 - University of Illinois 4 |
TOP OF THE 9TH |
University of California Golden Bears batting - Pitching for University of Illinois Fighting Illini : RHP Nick Rutscher
|
Batting: RHB Nate Mahon
|
0-0: Called Strike 0-1: Ball 1-1: Ball 2-1: Foul Ball, location: 2F 2-2: Fly out, F6 (Popup, 6MS, EV 57.5 MPH)
|
Batting: RHB Steve Kirby
|
0-0: Ball 1-0: SOLO HOME RUN (Flyball, 89XD, EV 102.5 MPH), Distance : 411 ft
|
Batting: RHB Ivan Rivera
|
0-0: Swinging Strike 0-1: Ball 1-1: Called Strike 1-2: Ball 2-2: Foul Ball, location: 2F 2-2: Strikes out swinging
|
Batting: SHB Nick Jansen
|
0-0: Ball 1-0: Ball 2-0: Ball 3-0: Called Strike 3-1: Called Strike 3-2: Reached on error, E6 (Groundball, 6, EV 81.2 MPH)
|
Batting: RHB Shawn Jansen
|
0-0: Foul Ball, location: 2F 0-1: Foul Ball, location: 2F 0-2: Ball 1-2: Strikes out looking
|
Top of the 9th over - 1 run, 1 hit, 1 error, 1 left on base; University of California 3 - University of Illinois 4 |
|